 Dungeon Crawl Stone Soup version 0.17.2-1-ge4368a0 (webtiles) character file.

126 rlgrobin the Insei (level 4, 0/35 HPs)
             Began as a Mummy Monk on May 2, 2017.
             Slain by a giant cockroach (1 damage)
             ... on level 2 of the Dungeon.
             The game lasted 00:03:30 (4275 turns).

rlgrobin the Insei (Mummy Monk)                     Turns: 4275, Time: 00:03:30

Health: 0/35       AC:  1    Str: 14    XL:     4   Next: 84%
Magic:  4/4        EV: 13    Int:  9    God:
Gold:   38         SH:  0    Dex: 15    Spells: 0 memorised, 3 levels left

rFire  x . .     SeeInvis +       - Unarmed
rCold  + . .     Clarity  .     (no armour)
rNeg   + + +     SustAt   .     (no shield)
rPois  ∞         Gourm    .     (no helmet)
rElec  .         Spirit   .     (no cloak)
rCorr  .         Warding  .     h - +0 pair of gloves
rMut   .         Stasis   .     (no boots)
MR     .....                    (no amulet)
Stlth  +.........               b - ring of see invisible
                                e - ring of loudness (curse)

@: not resistant to hostile enchantments, very unstealthy
A: no food or potions, fire vulnerability, cold resistance 1, negative energy
resistance 3, torment resistance, unbreathing
a: no special abilities


You were on level 2 of the Dungeon.
You were not hungry.

You visited 1 branch of the dungeon, and saw 3 of its levels.

You collected 38 gold pieces.


Innate Abilities, Weirdness & Mutations

You do not eat or drink.
Your flesh is vulnerable to fire.
You are immune to poison.
Your flesh is cold resistant.
You are immune to negative energy.
You are immune to unholy pain and torment.
You can survive without breathing.


   Skills:
 - Level 3.0 Fighting
 - Level 2.4 Dodging
 - Level 1.5 Stealth
 + Level 5.1 Unarmed Combat


You had 3 spell levels left.
You didn't know any spells.

Inventory:

Armour
 g - a +0 buckler
 h - a +0 pair of gloves (worn)
Jewellery
 b - a ring of see invisible (right hand)
 e - a cursed ring of loudness (left hand)
Scrolls
 a - 2 scrolls of teleportation {unknown}
 c - 2 scrolls of remove curse {unknown}
 d - a scroll of identify {unknown}
 f - a scroll of recharging {unknown}

Dungeon Overview and Level Annotations

Branches:
Dungeon (3/15)

Altars:

▒.▒▒▒..▒▒▒....▒▒▒............
▒.▒....▒▒.[....▒▒.▒▒▒▒▒▒▒▒▒▒▒
▒▒▒▒▒)▒...................▒
....▒.▒.......▒.▒.......▒.▒
▒▒▒.▒.▒.......▒.▒.......▒.▒
▒.▒.............▒▒▒▒..▒.▒
▒.▒▒▒▒▒▒▒▒..▒▒▒.▒.....▒.▒▒▒▒▒▒▒
▒▒'▒▒▒▒▒ ▒..▒▒▒▒▒▒▒..▒▒.▒.....▒
▒......▒ ▒.>.oMB.▒▒..▒▒.▒.▒▒▒.▒
▒......▒▒▒▒▒▒▒▒▒▒.▒▒..▒▒.▒.▒
▒.▒
▒......'......<...▒▒..▒▒.▒.▒
▒.▒
▒......▒▒▒▒▒▒▒▒....)..▒▒.▒.▒
▒.▒ ▒......▒ ▒.......▒▒.▒▒...▒
▒.▒
▒......▒▒▒▒▒.......[..▒▒▒▒▒▒
▒.▒ ▒▒▒▒▒▒▒....▒▒▒▒▒.▒...▒▒
▒▒▒▒▒▒.▒ ▒....▒ ▒.▒...▒
▒......▒ ▒▒....▒▒▒▒▒.▒...▒
▒.▒▒▒▒▒▒


You could see an orc priest and a giant cockroach.


Message History

The orc is moderately wounded!
The orc closely misses you!
You squash the orc like an ant!
The orc is severely wounded!
You beat the orc into a bloody pulp!
You annihilate the orc!!!
You swing at nothing!
The orc priest invokes the aid of Beogh against you!
Something smites you!!! * * * don't die
* * * A giant cockroach comes into view!
Things that are here:
a hand axe of chopping; a leather armour; an orc corpse You take 12 damage, and have 8/35 hp!
MASSIVE DAMAGE!!!!!!
The giant cockroach bites you but does no damage!
You see here a club!
You pummel the giant cockroach but do no damage!
The giant cockroach bites you but does no damage!
You closely miss the giant cockroach!
The giant cockroach bites you! * * * don't die
* * * The orc priest hits you! * * * don't die
* * * You take 7 damage, and have 1/35 hp!
You beat the orc priest into a bloody pulp!
The orc priest is heavily wounded!
The giant cockroach barely misses you!
You barely miss the orc priest!
The orc priest is heavily wounded!
The orc priest closely misses you! The giant cockroach bites you! rip

Action                   |  1- 3 |  4- 6 || total
-------------------------+-------+-------++-------
Melee: Unarmed           |   144 |   108 ||   252
 Stab: Sleeping          |     4 |       ||     4

Vault maps used:
D:1:      erik_arrival_blinker_ship
D:2:      minivault_19
D:3:      nicolae_qazlal_style_of_elements, lemuel_doored_altar

Notes
Turn   | Place    | Note
--------------------------------------------------------------
     0 | D:1      | rlgrobin the Mummy Monk began the quest for the Orb.
     0 | D:1      | Reached XP level 1. HP: 18/18 MP: 1/1
   371 | D:1      | Reached XP level 2. HP: 14/24 MP: 2/2
  1083 | D:1      | Reached skill level 4 in Unarmed Combat
  1083 | D:1      | Reached XP level 3. HP: 3/29 MP: 3/3
  2376 | D:2      | Reached XP level 4. HP: 19/35 MP: 4/4
  4235 | D:2      | Reached skill level 5 in Unarmed Combat
  4273 | D:2      | HP: 1/35 [orc priest (5)]
  4275 | D:2      | Slain by a giant cockroach

Vanquished Creatures
  An orc wizard (D:2)
  2 gnolls
  2 adders (D:2)
  4 worms (D:2)
  A giant gecko (D:1)
  4 orcs (D:2)
  5 bats
  6 hobgoblins
  2 jackals (D:1)
  5 kobolds
  A quokka (D:2)
  3 giant cockroaches
  2 giant newts (D:1)
  8 goblins
  5 rats
51 creatures vanquished.
